 Dungeon Crawl Stone Soup version 0.29-a0-817-g9904bce7a6 (webtiles) character file.

Game seed: 11648877686545459921

201 xian the Shooter (level 5, -1/49 HPs)
             Began as a Troll Arcane Marksman on July 5, 2022.
             Slain by a lemure (7 damage)
             ... led by Pikel
             ... on level 2 of the Dungeon.
             The game lasted 00:07:55 (1772 turns).

xian the Shooter (Troll Arcane Marksman)            Turns: 1772, Time: 00:07:55

Health: -1/49      AC:  4    Str: 20    XL:     5   Next: 50%
Magic:  5/5        EV: 10    Int:  9    God:
Gold:   52         SH:  0    Dex: 10    Spells: 5/6 levels left

rFire   . . .      SeeInvis .   i - +1 dagger (drain)
rCold   . . .      Faith    .   (no shield)
rNeg    . . .      Spirit   .   e - +0 robe of Valiance {+Blink}
rPois   .          Reflect  .   (helmet restricted)
rElec   .          Harm     .   (no cloak)
rCorr   .          Rampage  .   (gloves unavailable)
Will    .....                   (boots unavailable)
Stlth   +.........              (no amulet)
HPRegen 0.96/turn               (no ring)
MPRegen 0.09/turn               (no ring)

@: no status effects
A: large, unfitting armour, claws 3, regeneration 1, shaggy fur 1, tough skin 1
a: Evoke Blink


You were on level 2 of the Dungeon.
You visited 1 branch of the dungeon, and saw 4 of its levels.

You collected 52 gold pieces.

Inventory:

Hand Weapons
 a - a +1 sling
 i - a +1 dagger of draining (weapon)
Armour
 e - the +0 robe of Valiance (worn) {+Blink}
   (You found it on level 3 of the Dungeon)

   +Blink:    It lets you blink.
Jewellery
 j - an amulet of the acrobat
Scrolls
 b - a scroll of vulnerability
 c - 2 scrolls of teleportation
 f - 3 scrolls of poison
Potions
 d - a potion of heal wounds
 m - a potion of ambrosia {unknown}
 n - a potion of mutation {unknown}
 o - a potion of curing {unknown}


   Skills:
 + Level 1.7 Fighting
 + Level 0.9 Short Blades
 + Level 3.1 Ranged Weapons
 + Level 2.2 Dodging
 + Level 1.1 Spellcasting
 + Level 2.0 Hexes


You had 5 spell levels left.
You knew the following spells:

 Your Spells              Type           Power      Damage    Failure   Level
a - Slow                  Hex            16%        N/A       16%         1

Your spell library contained the following spells:

 Spells                   Type           Power      Damage    Failure   Level
 Inner Flame              Hex/Fire       2%         N/A       58%         3
 Portal Projectile        Hex/Tloc       4%         N/A       58%         3
 Cause Fear               Hex            2%         N/A       83%         4


Dungeon Overview and Level Annotations

Branches:
Dungeon (4/15)
 Temple: D:4-7

Altars:

Annotations:
D:1 1 runed translucent door
D:2 Natasha
D:4 Pikel


Innate Abilities, Weirdness & Mutations

You are too large for most types of armour.
You have claws for hands.
Your natural rate of healing is unusually fast.
You are covered in fur. (AC +1)
You have tough skin. (AC +1)


Message History

The lemure barely misses you.
Natasha, Servant of Life and Death comes into view.
You feel much better.
Natasha hisses angrily.
The lemure closely misses you.
You start putting on your amulet.
You continue putting on your amulet of the acrobat.
The lemure barely misses you.
You continue putting on your amulet of the acrobat.
The lemure hits you but does no damage.
Keep equipping yourself?
Uppercase [Y]es or [N]o only, please.
Keep equipping yourself?
You stop putting on your amulet.
You hit the lemure.
The lemure is severely wounded.
The lemure hits you.
You hit the lemure.
The lemure is severely wounded.
The lemure completely misses you.
You barely miss the lemure.
The lemure is severely wounded.
You closely miss the lemure.
The lemure is severely wounded.
The lemure hits you.
Natasha mewls in sadness.
Natasha barely misses you.
You hit the lemure but do no damage.
The lemure is severely wounded.
The lemure hits you.
* * * LOW HITPOINT WARNING * * *
Natasha claws you!
* * * LOW HITPOINT WARNING * * *
You hit the lemure.
The lemure is severely wounded.
The lemure hits you but does no damage. Natasha barely misses you.
You miss the lemure.
The lemure is severely wounded.
The lemure hits you!
You die...

##.........#...#####..........###
..[............## ##..........###
.......####....[###...........#..
........###...<...............#.#
.<..#.......##............#####.#
...............#...##....###....#
..###.#....#####.#.....#.###.####
..###......#####.h..).[#.#...# #
.###....#.......@.##...#.#.### #
##..[..##........5###..#.#.### ##
##.######........###.........# #.
...#####..........†..........###.
.........#####...##..........#...
......#### #....##.........#...
.).#...#### ###.................
...##.....## ##.........###....
...###..#..#### #........## ##...


You could see a lemure and Natasha.

Vanquished Creatures
  An iguana (D:3)
  Natasha (twice) (D:2)
  An orc wizard (D:3)
  3 adders
  A worm (D:3)
  4 dart slugs
  5 orcs (D:3)
  7 ball pythons
  3 bats
  4 endoplasms
  9 goblins
  5 hobgoblins
  6 kobolds
  A quokka (D:1)
  4 frilled lizards
  5 rats
61 creatures vanquished.

Vanquished Creatures (others)
  A fungus (D:4)
  5 toadstools (D:4)
6 creatures vanquished.

Grand Total: 67 creatures vanquished

Notes
Turn   | Place    | Note
-------+----------+-------------------------------------------
     0 | D:1      | xian the Troll Arcane Marksman began the quest for the Orb.
     0 | D:1      | Reached XP level 1. HP: 18/18 MP: 1/1
     2 | D:1      | Found a runed translucent door.
    40 | D:1      | Reached skill level 1 in Fighting
    84 | D:1      | Reached XP level 2. HP: 27/27 MP: 2/2
   294 | D:1      | Reached skill level 2 in Ranged Weapons
   335 | D:1      | Reached XP level 3. HP: 33/33 MP: 3/3
   445 | D:2      | Noticed Natasha
   485 | D:2      | Killed Natasha
   654 | D:2      | Noticed Natasha
   658 | D:2      | Reached XP level 4. HP: 41/41 MP: 4/4
   667 | D:2      | Killed Natasha
   850 | D:3      | Identified the +0 robe of Valiance {+Blink}
  1606 | D:3      | Reached XP level 5. HP: 45/48 MP: 5/5
  1610 | D:4      | Noticed Pikel
  1620 | D:3      | Reached skill level 3 in Ranged Weapons
  1653 | D:4      | Noticed a lemure
  1653 | D:4      | Noticed a lemure
  1654 | D:4      | Noticed a lemure
  1699 | D:4      | Noticed a lemure
  1762 | D:2      | Noticed Natasha
  1772 | D:2      | Slain by a lemure

Illustrated notes

Levels and vault maps discovered:
D:1:      dpeg_arrival_caged_fury, layout_basic, st_stairs_5,
          chequers_serial_rivers_micro_d
D:2:      layout_rooms, uniq_natasha
D:3:      kennysheep_big_flooded_room, layout_loops_ring
D:4:      layout_rooms, serial_shops, nicolae_take_the_stairs, kennysheep_nub,
          grunt_ministairs_2, minmay_gold_behind_fungi, uniq_pikel

Skill      XL: |  1  2  3  4  5 |
---------------+----------------+-----
Fighting       | 1 |  1.7
Ranged Weapons | 2 3 |  3.1
Dodging        | 2 |  2.2
Short Blades   | |  0.9
Spellcasting   | |  1.1
Hexes          | |  2.0

Action                   |  1- 3 |  4- 6 || total
-------------------------+-------+-------++-------
Melee: Dagger            |    31 |    84 ||   115
       Punch             |     1 |     1 ||     2
 Fire: Sling             |    94 |   109 ||   203
 Cast: Slow              |     4 |     1 ||     5
  Use: Scroll            |       |     7 ||     7
       Potion            |       |     1 ||     1
Armor: Robe              |    38 |    51 ||    89
Dodge: Dodged            |    42 |    95 ||   137

Table legend: (Time is in decaauts)
 A = Elapsed time spent in this place.
 B = Non-inter-level travel time spent in this place.
 C = Inter-level travel time spent in this place.
 D = Time resting spent in this place.
 E = Time spent auto-exploring this place.
 F = Levels seen in this place.
 G = Mean time per level.
                   A        B        C        D        E       F      G
               +--------+--------+--------+--------+--------+-----+--------+
         Total |   1834 |   1754 |     80 |     22 |   1066 |   4 |  458.5 |
       Dungeon |   1834 |   1754 |     80 |     22 |   1066 |   4 |  458.5 |
               +--------+--------+--------+--------+--------+-----+--------+

Top non-repeatable levels by time:
     D:3: 913 daAuts
     D:2: 529 daAuts
     D:1: 374 daAuts
     D:4: 17 daAuts
